AoeStats
← brkhn

Arabia

509699755Analyzed
1v1 RM · 4d ago on Sep 27, 2026· 84m 4s· 2 players
Game mode
Random Map
Map size
Tiny (2 player)
Population
200
Speed
Normal
Resources
Standard
Victory
Conquest
Starting age
Dark Age
Ending age
Imperial Age
RankedLock teamsTeams togetherTeam positionsShared explorationLock speedFull tech treeHidden civsTurbo modeCheats
Victory
Defeat
🇹🇷 Persians · Türkiye
942
+19
1006
-19
brkhn
6:51 Loom
9:07 Feudal Age
9:43 Double-Bit Axe
17:22 Wheelbarrow
21:15 Castle Age
22:02 Bloodlines
22:25 Scale Barding Armor
22:38 Forging
26:45 Fletching
28:02 Kamandaran
30:24 Bodkin Arrow
30:37 Town Watch
31:20 Crossbowman
32:06 Padded Archer Armor
34:37 Leather Archer Armor
35:16 Ballistics
40:03 Imperial Age
39:16 Hand Cart
39:32 Chain Barding Armor
39:47 Iron Casting
41:41 Husbandry
41:02 Cavalier
42:26 Thumb Ring
44:36 Savar
50:52 Ring Archer Armor
50:58 Plate Barding Armor
51:24 Blast Furnace
57:02 Chemistry
58:54 Conscription
67:22 Light Cavalry
68:29 Hussar
81:13 Pikeman
81:54 Squires
81:54 Capped Ram
Prince Of The Darkness
6:19 Loom
6:45 Loom
9:46 Feudal Age
12:20 Double-Bit Axe
13:46 Horse Collar
17:51 Bow Saw
19:48 Wheelbarrow
19:18 Heavy Plow
23:46 Castle Age
22:30 Scale Barding Armor
22:24 Gold Mining
23:07 Forging
23:50 Pikeman
24:31 Squires
24:33 Scale Mail Armor
25:41 Two-Man Saw
25:29 Fletching
27:07 Stone Mining
27:52 Gold Shaft Mining
27:21 Husbandry
27:12 Arson
28:43 Chain Mail Armor
30:08 Hand Cart
33:33 Crop Rotation
34:02 Burgundian Vineyards
38:00 Imperial Age
35:46 Padded Archer Armor
36:07 Bodkin Arrow
36:10 Elite Skirmisher
37:27 Leather Archer Armor
37:11 Murder Holes
39:42 Ballistics
40:43 Chemistry
39:54 Masonry
40:33 Conscription
40:22 Halberdier
42:22 Plate Mail Armor
41:52 Bracer
43:20 Crossbowman
45:00 Iron Casting
47:25 Hoardings
48:55 Architecture
48:08 Treadmill Crane
48:39 Fortified Wall
57:55 Blast Furnace
73:29 Husbandry
72:50 Light Cavalry
Connection lost

Rejoining the realm…

Still unreachable

The connection could not be restored.

Session expired

The server has moved on; the page needs a fresh start.